 Dungeon Crawl Stone Soup version 0.29-a0-557-g43b9904bd1 (webtiles) character file.

Game seed: 398925700726615832

37753 iguanaiguana the Spear-Bearer (level 14, 0/101 HPs)
             Began as a Djinni Arcane Marksman on June 8, 2022.
             Was the Champion of Cheibriados.
             Slain by a blink frog (10 damage)
             ... on level 6 of the Lair of Beasts on June 9, 2022.
             The game lasted 01:18:40 (22219 turns).

iguanaiguana the Spear-Bearer (DjAM)               Turns: 22219, Time: 01:18:42

Health: 0/101      AC: 26    Str: 26    XL:     14   Next: 30%
Gold:   818        EV: 11    Int: 35    God:    Cheibriados [******] SH:  0 Dex: 29

rFire   + + .      SeeInvis .   b - +2 demon trident (venom)
rCold   . . .      Faith    +   (no shield)
rNeg    + . .      Spirit   .   z - +2 chain mail of Analysis {rC+ rN+ Str+2 Stlth+}
rPois   ∞          Reflect  .   j - +1 helmet
rElec   .          Harm     .   (no cloak)
rCorr   .          Rampage  .   q - +1 pair of gloves of Distant Worlds {Slay+3}
Will    +....                   (boots unavailable)
Stlth   ..........              D - amulet of faith
HPRegen 0.26/turn               d - +4 ring of protection
MPRegen 0.00/turn               i - +4 ring of protection

@: radiating poison, animating dead, flying, very slow
A: sickness immunity, fire resistance 2, cold vulnerability 1, float, innate
caster, HP casting, extra vitality 1, MP-powered wands
a: Renounce Religion, Bend Time, Temporal Distortion, Slouch, Step From Time


You were on level 6 of the Lair of Beasts.
You worshipped Cheibriados.
Cheibriados was exalted by your worship.
You visited 2 branches of the dungeon, and saw 17 of its levels.
You also visited: Gauntlet.

You collected 962 gold pieces.
You spent 144 gold pieces at shops.

Inventory:

Hand Weapons
 a - the +12 hand axe of Aghogav {vorpal, rC+ Stlth+}
   (You took it off an orc wizard on level 7 of the Dungeon)

   It inflicts extra damage upon your enemies.
   rC:        It protects you from cold.
   Stlth:     It makes you more stealthy.
 b - a +2 demon trident of venom (weapon)
Missiles
 m - 7 javelins
 u - a throwing net
 x - 29 poisoned darts
 y - a boomerang of dispersal
Armour
 j - a +1 helmet (worn)
 q - the +1 pair of gloves of Distant Worlds (worn) {Slay+3}
   (You found it in a Gauntlet)

   Slay:      It affects your accuracy & damage with ranged weapons and melee
   (+3).
 z - the +2 chain mail of Analysis (worn) {rC+ rN+ Str+2 Stlth+}
   (You found it on level 6 of the Dungeon)

   Str:       It affects your strength (+2).
   rC:        It protects you from cold.
   rN:        It protects you from negative energy.
   Stlth:     It makes you more stealthy.
 E - the +4 robe of Augmentation {Str+4 Int+4 Dex+4}
   (You found it in a Gauntlet)

   Str:       It affects your strength (+4).
   Int:       It affects your intelligence (+4).
   Dex:       It affects your dexterity (+4).
Jewellery
 d - a +4 ring of protection (left hand)
 e - a ring of willpower
 i - a +4 ring of protection (right hand)
 B - a +6 ring of intelligence
 D - an amulet of faith (around neck)
Wands
 g - a wand of acid (8) {@v1}
 l - a wand of flame (19)
 o - a wand of paralysis (7)
 I - a wand of iceblast (4) {@v2}
 J - a wand of digging (1) {@v3}
 L - a wand of charming (3)
Scrolls
 c - 3 scrolls of vulnerability
 n - a scroll of fear
 p - 3 scrolls of brand weapon
 r - 3 scrolls of blinking {@r4}
 s - 2 scrolls of identify {@r1}
 t - 2 scrolls of enchant armour
 v - a scroll of poison
 w - 3 scrolls of teleportation {@r3}
 C - a scroll of enchant weapon
Potions
 f - a potion of invisibility
 h - a potion of attraction
 k - 3 potions of mutation
 A - 2 potions of lignification
 F - 2 potions of brilliance
 G - 3 potions of curing {@q1}
 H - a potion of heal wounds {@q2}


   Skills:
 - Level 9.4 Fighting
 + Level 11.7 Polearms
 - Level 1.5 Slings
 - Level 10.1 Armour
 - Level 3.2 Dodging
 - Level 11.0 Spellcasting


You had 5 spell levels left.
You knew the following spells:

 Your Spells              Type           Power      Damage    Failure   Level
a - Olgreb's Toxic Radia  Pois           77%        N/A       1%          4
b - Inner Flame           Hex/Fire       77%        N/A       1%          3
c - Animate Dead          Necr           77%        N/A       1%          4
d - Call Canine Familiar  Summ           77%        N/A       1%          3
e - Portal Projectile     Hex/Tloc       100%       N/A       1%          3
f - Call Imp              Summ           77%        N/A       1%          2
g - Cause Fear            Hex            38%        N/A       1%          4
h - Magic Dart            Conj           100%       1d8       1%          1
i - Slow                  Hex            100%       N/A       1%          1
j - Blade Hands           Tmut           38%        N/A       3%          5
Your spell library was empty.

Dungeon Overview and Level Annotations

Branches:
Dungeon (11/15)            Temple (0/1) D:5            Lair (6/6) D:9
 Shoals (0/4) Lair:3       Spider (0/4) Lair:3        Slime (0/5) Lair:5
    Orc (0/2) D:9         Gauntlet (visited)

Altars:
Cheibriados
Dithmenos
Fedhas
Gozag
Okawaru
Sif Muna

Shops:
D:6 :   D:8 !

Annotations:
Lair:3 exclusion: 2 oklob plants
Lair:5 exclusion: oklob plant


Innate Abilities, Weirdness & Mutations

You are immune to sickness and miasma.
You are immune to poison.
Your flesh is very heat resistant. (rF++)
You are vulnerable to cold. (rC-)
You float through the air rather than walking.
You learn spells naturally, not from books.
Your magical power is your life essence.
You have superior vitality. (+4 MHP)
You expend health (3 HP) to strengthen your wands.


Message History

You puncture the blink frog!
You kill the blink frog!
Cheibriados appreciates the change of pace.
The dead are hopping!
The blink frog blinks! x2
Your blink frog zombie barely misses the wolf.
The wolf bites you.
* * * LOW HITPOINT WARNING * * *
You impale the wolf!!
You kill the wolf!
Cheibriados thoroughly appreciates the change of pace.
The dead are walking!
The cane toad stings your wolf zombie!
Your blink frog zombie misses the blink frog.
Reach: b) +2 demon trident (venom)
Press: ? - help, Dir - move target, f - blink frog
Aim: a blink frog (moderately wounded, ally target, about 38% to evade your +2 demon trident of venom)
You miss the blink frog.
The blink frog is moderately wounded.
The cane toad stings your wolf zombie!
The blink frog blinks!
Your wolf zombie completely misses the cane toad.
Reach: b) +2 demon trident (venom)
Press: ? - help, Dir - move target, f - cane toad, p - blink frog
Aim: a cane toad (ally target, about 22% to evade your +2 demon trident of venom)
You could not reach far enough!
The blink frog blinks!
The cane toad stings your wolf zombie!!
Your wolf zombie is destroyed!
You swap places.
Your blink frog zombie completely misses the blink frog.
Casting: Call Canine Familiar (safe; 1% risk of failure)
Confirm with . or Enter, or press ? or * to list all spells.
* * * LOW HITPOINT WARNING * * *
Your blink frog zombie hits the blink frog.
Casting: Call Canine Familiar (safe; 1% risk of failure)
Confirm with . or Enter, or press ? or * to list all spells.
You begin to radiate toxic energy.
The blink frog is poisoned. x2
* * * LOW HITPOINT WARNING * * *
The blink frog looks even sicker. x2; The cane toad stings you!
* * * LOW HITPOINT WARNING * * *
The blink frog blinks!
The blink frog hits you!
You die...

##....F....
#....§#...
##..##.# #
#..## ..
##..# ..
###.## #
#.#.###
##.FF.#
##..@.#
#..ZP##
###.##
##hF##
#P...#
##...#
##..# #..##
##..#


You could see a cane toad, 2 blink frogs, a friendly warg (summoned) and a
friendly blink frog zombie.

Vanquished Creatures
  A minotaur (Gauntlet)
  A blizzard demon (Gauntlet)
  A jorogumo (shapeshifter) (Gauntlet)
  2 death yaks (D:9)
  An elephant (shapeshifter) (Gauntlet)
  4 elephants (Lair:5)
  A black mamba (Lair:3)
  2 cane toads
  4 komodo dragons
  An ice devil (Gauntlet)
  2 trolls (D:10)
  A hornet (Lair:5)
  5 blink frogs
  A raiju (shapeshifter) (Gauntlet)
  A snapping turtle (Lair:3)
  Sigmund (D:3)
  A dream sheep (Lair:3)
  27 yaks
  3 wyverns
  5 hogs (Lair:5)
  A basilisk (Lair:1)
  A steam dragon (D:6)
  3 redbacks (Lair:3)
  Edmund (D:4)
  9 water moccasins
  A floating eye (Lair:3)
  3 orc warriors (D:9)
  2 ice beasts
  An ogre (D:6)
  8 wolves
  2 centaurs
  2 phantoms
  6 bullfrogs
  2 kobold brigands
  Blork the orc (D:4)
  A gnoll sergeant (D:8)
  5 scorpions
  6 wights
  A troll zombie (D:10)
  8 killer bees (D:9)
  An electric eel (Lair:3)
  4 crimson imps (Gauntlet)
  4 hounds
  An iron imp (D:4)
  4 orc priests
  Natasha (thrice) (D:2)
  An iguana (D:5)
  11 orc wizards
  5 hell rats
  Robin (D:1)
  7 gnolls
  6 river rats
  12 adders
  3 white imps
  2 ufetubi (D:5)
  3 worms
  3 dart slugs
  49 orcs
  7 endoplasms
  A giant cockroach (D:2)
  A gnoll zombie (D:9)
  7 goblins
  8 hobgoblins
  3 jackals (D:2)
  A quokka (D:2)
  7 ball pythons
  A bat (D:1)
  A frilled lizard (D:3)
  12 kobolds
  7 rats
  2 butterflies (Lair:5)
307 creatures vanquished.

Vanquished Creatures (collateral kills)
  Kirke (Lair:5)
  2 hydras
  2 death yaks
  An elephant (Lair:5)
  A smoke demon (Gauntlet)
  A black mamba (Lair:4)
  4 cane toads
  4 rime drakes
  3 komodo dragons
  A red devil (Gauntlet)
  3 polar bears
  3 blink frogs
  4 dream sheep (Lair:3)
  A vampire (D:10)
  34 yaks
  A wyvern (Lair:5)
  A hog (Lair:5)
  A basilisk (Lair:5)
  12 water moccasins
  An orc warrior (D:9)
  A sky beast (D:7)
  5 wolves (Lair:4)
  A bullfrog (D:8)
  A necrophage (D:5)
  4 wights
  4 killer bees (D:9)
  A howler monkey (D:10)
  A gnoll shaman (D:9)
  An orc priest (D:9)
  An iguana (D:4)
  7 orc wizards
  A hell rat (D:9)
  4 gnolls
  2 river rats (Lair:4)
  An ufetubus (D:6)
  12 orcs
  4 kobolds
  2 butterflies (Lair:5)
134 creatures vanquished.

Vanquished Creatures (others)
  2 cane toad zombies
  2 blink frog zombies (Lair:6)
  2 komodo dragon zombies (Lair:4)
  A wyvern zombie (Lair:5)
  5 water moccasin zombies
  12 yak zombies
  2 wolf zombies
  3 hell rat zombies (Lair:4)
  4 gnoll zombies
  11 orc zombies
  A rat zombie (Lair:4)
  2 river rat zombies (Lair:4)
  53 fungi
  57 plants
157 creatures vanquished.

Grand Total: 598 creatures vanquished

Notes
Turn   | Place    | Note
-------+----------+-------------------------------------------
     0 | D:1      | iguanaiguana the Djinni Arcane Marksman began the quest for
                  | the Orb.
     0 | D:1      | Reached XP level 1. HP: 17/17 MP: 0/0
   395 | D:1      | Reached XP level 2. HP: 22/22 MP: 0/0
   782 | D:1      | Found a faded altar of an unknown god.
   943 | D:2      | Reached XP level 3. HP: 27/27 MP: 0/0
   943 | D:2      | Learned a level 1 spell: Magic Dart
  1613 | D:2      | Noticed Robin
  1617 | D:2      | Reached XP level 4. HP: 27/32 MP: 0/0
  1660 | D:1      | Killed Robin
  1936 | D:2      | Noticed Natasha
  1951 | D:2      | Killed Natasha
  2247 | D:2      | Reached XP level 5. HP: 32/37 MP: 0/0
  2247 | D:2      | Learned a level 2 spell: Call Imp
  2342 | D:2      | Noticed Natasha
  2545 | D:3      | Noticed Sigmund
  2725 | D:3      | Gained mutation: Your body sometimes deteriorates upon
                  | taking damage. [potion of mutation]
  2725 | D:3      | Gained mutation: You expend health (3 HP) to strengthen
                  | your wands. [potion of mutation]
  2725 | D:3      | Lost mutation: Your body sometimes deteriorates upon taking
                  | damage. [potion of mutation]
  2800 | D:2      | Killed Natasha
  3209 | D:2      | Noticed Natasha
  3212 | D:2      | Killed Natasha
  3668 | D:3      | Reached XP level 6. HP: 9/42 MP: 0/0
  4305 | D:3      | Killed Sigmund
  4306 | D:3      | Reached skill level 5 in Spellcasting
  4306 | D:3      | Reached XP level 7. HP: 41/47 MP: 0/0
  4306 | D:3      | Learned a level 3 spell: Call Canine Familiar
  4782 | D:3      | Found an opulent altar of Gozag.
  5097 | D:4      | Noticed Blork the orc
  5507 | D:4      | Noticed Edmund
  5519 | D:4      | Killed Edmund
  5838 | D:4      | Reached XP level 8. HP: 25/52 MP: 0/0
  5990 | D:4      | Killed Blork the orc
  6932 | D:4      | Found a snail-covered altar of Cheibriados.
  7160 | D:4      | Became a worshipper of Cheibriados the Contemplative
  7298 | D:5      | Entered Level 5 of the Dungeon
  7326 | D:5      | Found a staircase to the Ecumenical Temple.
  7755 | D:5      | Noticed a yak
  8014 | D:5      | Killed a yak
  8015 | D:5      | Reached XP level 9. HP: 44/57 MP: 0/0
  8015 | D:5      | Learned a level 4 spell: Animate Dead
  8355 | D:5      | Reached * piety under Cheibriados
  9066 | D:6      | Identified the +2 chain mail of Analysis {rC+ rN+ Str+2
                  | Stlth+}
  9327 | D:6      | Found Qajof's Book Boutique.
  9344 | D:6      | Identified the amulet of Iwistone {Spirit Dex+2}
 10151 | D:7      | Reached skill level 5 in Armour
 10152 | D:7      | Identified the +12 hand axe of Aghogav {vorpal, rC+ Stlth+}
 10165 | D:7      | Reached ** piety under Cheibriados
 10449 | D:7      | Reached XP level 10. HP: 65/67 MP: 0/0
 10938 | D:7      | Found an iron altar of Okawaru.
 10938 | D:7      | Found a blossoming altar of Fedhas.
 10946 | D:7      | Found a faded altar of an unknown god.
 10948 | D:7      | Found a faded altar of an unknown god.
 11027 | D:8      | Found a shadowy altar of Dithmenos.
 11249 | D:8      | Reached *** piety under Cheibriados
 11369 | D:8      | You are sucked into a shaft and drop 3 floors!
 11575 | D:10     | Entered Level 10 of the Dungeon
 11753 | D:10     | Identified the +0 leather armour "Lube Ine" {Regen+ Str-5
                  | SInv}
 11772 | D:10     | Reached skill level 10 in Armour
 11894 | D:9      | Reached XP level 11. HP: 47/73 MP: 0/0
 11894 | D:9      | Learned a level 4 spell: Olgreb's Toxic Radiance
 12158 | D:9      | Reached **** piety under Cheibriados
 12417 | D:9      | Found a staircase to the Orcish Mines.
 12658 | D:9      | Reached ***** piety under Cheibriados
 12659 | D:9      | Reached skill level 10 in Spellcasting
 13018 | D:9      | Noticed a death yak
 13023 | D:9      | Killed a death yak
 13024 | D:9      | Noticed a death yak
 13028 | D:9      | Noticed a death yak
 13029 | D:9      | Killed a death yak
 13034 | D:9      | Killed a death yak
 13344 | D:9      | Found a staircase to the Lair.
 13712 | D:8      | Found Repper's Distillery.
 13716 | D:8      | Bought a potion of heal wounds for 80 gold pieces
 13716 | D:8      | Bought a potion of might for 64 gold pieces
 14348 | Lair:1   | Entered Level 1 of the Lair of Beasts
 14391 | D:9      | Reached skill level 5 in Fighting
 14708 | Lair:1   | Reached XP level 12. HP: 68/83 MP: 0/0
 15149 | Lair:1   | Found a blossoming altar of Fedhas.
 16478 | Lair:3   | Reached ****** piety under Cheibriados
 16484 | Lair:3   | Found a gate leading to a gauntlet.
 16502 | Gauntlet | Entered a Gauntlet
 16502 | Gauntlet | Found a transporter.
 16555 | Gauntlet | Found a transporter.
 16563 | Gauntlet | Found the +2 cloak of the Thief {*Fog Slay-2 SInv Stlth+}
 16570 | Gauntlet | Found a transporter.
 16575 | Gauntlet | Found a transporter.
 16592 | Gauntlet | Found a transporter.
 16611 | Gauntlet | Found a transporter.
 16622 | Gauntlet | Noticed a glowing orange brain
 16623 | Gauntlet | Found a transporter.
 16625 | Gauntlet | Found the +3 pair of seven-league boots {Rampage+∞}
 16625 | Gauntlet | Noticed a glowing orange brain
 16635 | Gauntlet | Found a transporter.
 16649 | Gauntlet | Found a transporter.
 16655 | Gauntlet | Found a transporter.
 16655 | Gauntlet | Found a transporter.
 16673 | Gauntlet | Found a transporter.
 16676 | Gauntlet | Noticed a blizzard demon
 16687 | Gauntlet | Found a transporter.
 16707 | Gauntlet | Found a transporter.
 16709 | Gauntlet | Found a runed translucent gate.
 16709 | Gauntlet | Found a runed translucent gate.
 16709 | Gauntlet | Found a runed translucent gate.
 16709 | Gauntlet | Noticed a fire crab
 16709 | Gauntlet | a fire crab changed into a cane toad
 16717 | Gauntlet | Found a large runed translucent door.
 16717 | Gauntlet | Found a large runed translucent door.
 16717 | Gauntlet | Found a large runed translucent door.
 16717 | Gauntlet | Found a large runed translucent door.
 16718 | Gauntlet | Found a large runed translucent door.
 16718 | Gauntlet | Found a large runed translucent door.
 16719 | Gauntlet | Found a large runed translucent door.
 16719 | Gauntlet | Found a large runed translucent door.
 16720 | Gauntlet | Found a large runed translucent door.
 16720 | Gauntlet | Found a large runed translucent door.
 16720 | Gauntlet | Found a runed translucent door.
 16720 | Gauntlet | Found a runed translucent door.
 16721 | Gauntlet | Found a large runed translucent door.
 16722 | Gauntlet | Found a large runed translucent door.
 16731 | Gauntlet | Found a large runed translucent door.
 16731 | Gauntlet | Found a large runed translucent door.
 16732 | Gauntlet | Found a large runed translucent door.
 16733 | Gauntlet | Found a large runed translucent door.
 16733 | Gauntlet | Found a transporter.
 16735 | Gauntlet | Found a transporter.
 16755 | Gauntlet | Found a transporter.
 16833 | Gauntlet | Found a transporter.
 16847 | Gauntlet | Noticed an anaconda
 16854 | Gauntlet | Noticed an ettin
 16854 | Gauntlet | an anaconda changed into an ettin
 16930 | Gauntlet | Noticed a catoblepas
 16943 | Gauntlet | Noticed a seven-headed hydra
 16943 | Gauntlet | a catoblepas changed into a seven-headed hydra
 16994 | Gauntlet | Noticed a satyr
 17287 | Gauntlet | Noticed an eleionoma
 17288 | Gauntlet | Noticed a radroach
 17290 | Gauntlet | Noticed a fire crab
 17290 | Gauntlet | a polar bear changed into a fire crab
 17291 | Gauntlet | Noticed a seven-headed hydra
 17311 | Gauntlet | Noticed a sphinx
 17316 | Gauntlet | Noticed an ice dragon
 17316 | Gauntlet | a seven-headed hydra changed into an ice dragon
 17350 | Gauntlet | Noticed a steelbarb worm
 17350 | Gauntlet | a cyclops changed into a steelbarb worm
 17432 | Gauntlet | an ice dragon changed into something unseen
 17435 | Gauntlet | a steelbarb worm changed into a water nymph
 17492 | Gauntlet | Noticed a boulder beetle
 17498 | Gauntlet | Reached skill level 1 in Polearms
 17498 | Gauntlet | Noticed a jorogumo
 17498 | Gauntlet | a boulder beetle changed into a jorogumo
 17500 | Gauntlet | HP: 3/90 [jorogumo (shapeshifter) (10)]
 17505 | Gauntlet | Killed a jorogumo
 17859 | Gauntlet | Killed a blizzard demon
 18286 | Gauntlet | Identified the +1 pair of gloves of Distant Worlds {Slay+3}
 18333 | Gauntlet | Noticed an anaconda
 18344 | Gauntlet | Found the +4 robe of Augmentation {Str+4 Int+4 Dex+4}
 18344 | Gauntlet | Identified the +9 great mace "Jaojiotz" {venom, rF+ Str+2}
 18344 | Gauntlet | Noticed a minotaur
 18353 | Gauntlet | Killed a minotaur
 18517 | Gauntlet | Identified the +1 battleaxe of Afuaguo {pain, *Noise Str+3
                  | Int+2 Dex+6}
 18611 | Lair:3   | Paralysed by a floating eye for 3 turns
 18662 | Lair:3   | Reached skill level 5 in Polearms
 18722 | Lair:3   | Found a hole to the Spider Nest.
 18760 | Lair:3   | Reached XP level 13. HP: 94/94 MP: 0/0
 18760 | Lair:3   | Learned a level 5 spell: Blade Hands
 18840 | Lair:3   | Noticed a six-headed hydra
 18844 | Lair:3   | Killed a six-headed hydra
 19290 | Lair:3   | Found a staircase to the Shoals.
 19817 | Lair:4   | Noticed a four-headed hydra
 19824 | Lair:4   | Killed a four-headed hydra
 21014 | Lair:5   | Identified the +6 hand axe of Exchange {elec, rPois}
 21016 | Lair:5   | Reached skill level 10 in Polearms
 21101 | Lair:5   | Reached XP level 14. HP: 81/101 MP: 0/0
 21507 | Lair:5   | Noticed Kirke
 21518 | Lair:5   | Killed Kirke
 21726 | Lair:5   | Found a staircase to the Slime Pits.
 22163 | Lair:6   | Entered Level 6 of the Lair of Beasts
 22219 | Lair:6   | Slain by a blink frog

Illustrated notes

Levels and vault maps discovered:
D:1:      lemuel_arrival_broad_hall, layout_basic,
          shapermc_ecumenical_altar_mp_vishouse, minmay_stone_trees_small
D:2:      layout_rooms, minivault_14, uniq_robin, uniq_natasha
D:3:      layout_loops_corners, marbit_many_paths, uniq_sigmund
D:4:      nicolae_cairo_tiling_large, layout_loops_ring, slow_altar_1,
          uniq_edmund, uniq_blork_the_orc
D:5:      layout_basic, minmay_temple_entry_statues, serial_rivers,
          chequers_serial_rivers_small_b, chequers_serial_rivers_micro_b,
          chequers_serial_rivers_small_3, chequers_serial_rivers_micro_d,
          chequers_serial_rivers_large_a, minmay_pentangle
D:6:      layout_rooms, serial_shops, shop
D:7:      nicolae_cairo_tiling_large_dashed, layout_gridville,
          chequers_temple_overflow_minitemple
D:8:      layout_basic, nicolae_overflow_crystal_walls, serial_shops, shop
D:9:      layout_rooms, dpeg_lair_monsters, david_orc_4, minivault_11
D:10:     layout_loops_corners, nicolae_shop_clearance
D:11:     layout_roguey, uniq_fannar, uniq_maurice
Lair:1:   layout_regular_city, basic_altar
Lair:2:   layout_chaotic_city
Lair:3:   dreamdust_cave_troll, layout_gridlike, minmay_shoals_entry_hut,
          spider_nest_entry_webs, gauntlet_entry_generic, disabler_island
Lair:4:   layout_regular_city, kennysheep_abandoned_house
Lair:5:   layout_cellular_growth, minmay_slime_entry_oklob_enclosed,
          lemuel_fruit_tree, lemuel_fruit_fields, lemuel_fruit_fields,
          uniq_kirke
Lair:6:   evilmike_catoblepas_cave, layout_long_grid, enter_volcano_1,
          grunt_megastairs_2

Skill      XL: |  1  2  3  4  5  6  7  8  9 10 11 12 13 14 |
---------------+-------------------------------------------+-----
Spellcasting   | 3 4 5 6 8 11 | 11.0
Fighting       | 4 6 9 |  9.4
Armour         | 6 10 | 10.1
Dodging        | 3 |  3.2
Polearms       | 5 10 11 | 11.7
Slings         | |  1.5

Action                   |  1- 3 |  4- 6 |  7- 9 | 10-12 | 13-15 || total
-------------------------+-------+-------+-------+-------+-------++-------
Melee: Dagger            |       |       |    20 |    25 |       ||    45
       Punch             |       |       |       |     2 |     2 ||     4
       Trident           |       |       |       |    31 |       ||    31
       Hand axe          |       |       |       |    53 |       ||    53
       Demon trident     |       |       |       |     4 |   106 ||   110
 Fire: Hunting sling     |    48 |     6 |     1 |       |       ||    55
Throw: Dart              |       |       |     2 |       |     1 ||     3
 Cast: Slow              |    26 |     3 |     1 |       |       ||    30
       Magic Dart        |    27 |    72 |   108 |     8 |       ||   215
       Inner Flame       |       |    12 |    85 |    19 |       ||   116
       Call Imp          |       |     3 |       |       |       ||     3
       Call Canine Famil |       |       |    26 |    40 |    14 ||    80
       Cause Fear        |       |       |     1 |       |       ||     1
       Portal Projectile |       |       |     1 |       |       ||     1
       Animate Dead      |       |       |     2 |    17 |     6 ||    25
       Olgreb's Toxic Ra |       |       |       |    51 |    51 ||   102
Evoke: Wand              |       |       |       |    19 |       ||    19
  Use: Potion            |       |     5 |     1 |    12 |       ||    18
       Scroll            |       |     2 |     8 |    18 |     2 ||    30
 Stab: Distracted        |       |       |       |     2 |     5 ||     7
       Paralysed         |       |       |       |     2 |       ||     2
Armor: Robe              |     5 |       |    24 |     6 |       ||    35
       Leather armour    |     8 |     1 |       |       |       ||     9
       Animal skin       |       |    10 |     4 |       |       ||    14
       Chain mail        |       |       |       |   138 |    54 ||   192
       Skin              |       |       |       |     5 |       ||     5
Dodge: Dodged            |    34 |    17 |    39 |   108 |    39 ||   237

Table legend: (Time is in decaauts)
 A = Elapsed time spent in this place.
 B = Non-inter-level travel time spent in this place.
 C = Inter-level travel time spent in this place.
 D = Time resting spent in this place.
 E = Time spent auto-exploring this place.
 F = Levels seen in this place.
 G = Mean time per level.
                   A        B        C        D        E       F      G
               +--------+--------+--------+--------+--------+-----+--------+
         Total |  28440 |  26500 |   1940 |   5108 |  17884 |  18 | 1580.0 |
       Dungeon |  16709 |  15395 |   1314 |   3561 |   9886 |  11 | 1519.0 |
          Lair |   9080 |   8455 |    625 |    242 |   7381 |   6 | 1513.3 |
      Gauntlet |   2650 |   2650 |      0 |   1305 |    617 |   1 | 2650.0 |
               +--------+--------+--------+--------+--------+-----+--------+

Top non-repeatable levels by time:
     D:9: 2679 daAuts
Gauntlet: 2650 daAuts
     D:2: 2379 daAuts
     D:4: 2185 daAuts
  Lair:3: 2060 daAuts
  Lair:5: 2049 daAuts
     D:5: 1939 daAuts
  Lair:4: 1870 daAuts
     D:3: 1735 daAuts
  Lair:2: 1707 daAuts
     D:7: 1467 daAuts
     D:8: 1433 daAuts
     D:1: 1307 daAuts
  Lair:1: 1301 daAuts
     D:6: 975 daAuts
